 Dungeon Crawl Stone Soup version 0.17-a0-1181-gabc46e6 (webtiles) character file.

7151 Chiseanne the Nimble (level 11, -1/77 HPs)
             Began as an Octopode Fighter on June 1, 2015.
             Was an Initiate of Gozag.
             Slain by a komodo dragon (18 damage)
             ... on level 1 of the Lair of Beasts.
             The game lasted 00:36:07 (11305 turns).

Chiseanne the Nimble (Octopode Fighter)            Turns: 11305, Time: 00:36:08

Health: -1/77      AC:  3    Str: 16    XL:     11   Next: 10%
Magic:  11/11      EV: 17    Int: 11    God:    Gozag
Gold:   1063       SH: 12    Dex: 14    Spells: 0 memorised, 10 levels left

rFire  . . .     SeeInvis .     a - +4 flail (crush)
rCold  . . .     Clarity  .     b - +1 shield
rNeg   . . .     SustAt   .     E - +2 hat
rPois  .         Gourm    .     (no amulet)
rElec  .         Spirit   .     s - +2 ring of slaying
rCorr  .         Warding  .     L - ring of teleport control
rMut   .         Stasis   .     (no ring)
MR     .....                    (no ring)
Stlth  +++.......               (no ring)
                                (no ring)
                                (no ring)
                                (no ring)

@: not resistant to hostile enchantments, fairly stealthy
A: almost no armour, amphibious, 8 rings, constrict 8, camouflage 1, gelatinous
body 1
a: Potion Petition, Call Merchant, Bribe Branch, Renounce Religion, Evoke
Teleport Control


You were on level 1 of the Lair of Beasts.
You worshipped Gozag.
Gozag was noncommittal.
You were not hungry.

You visited 3 branches of the dungeon, and saw 13 of its levels.
You also visited: Ossuary.

You collected 2001 gold pieces.
You spent 433 gold pieces at shops.
You paid 505 gold pieces to Gozag.

Inventory:

Hand weapons
 a - a +4 flail of crushing (weapon)
 e - a +0 hand crossbow of flaming
 w - a +0 blowgun
Missiles
 i - 58 bolts
 G - 54 poisoned needles
Armour
 b - a +1 shield (worn)
 E - a +2 hat (worn)
Jewellery
 s - a +2 ring of slaying (left tentacle)
 L - a ring of teleport control (right tentacle)
Magical devices
 l - a wand of digging (5)
 F - a wand of fireball (0)
 H - a wand of confusion (22)
 I - a wand of digging (8)
 K - a wand of digging (13)
 M - a wand of paralysis (7)
Scrolls
 f - a scroll of amnesia
 m - a scroll of fear
 r - 7 scrolls of remove curse
 x - 3 scrolls of teleportation
 y - 3 scrolls of immolation
Potions
 c - 2 potions of might
 g - 4 potions of flight
 k - 2 potions of curing
 n - 2 potions of invisibility
 o - a potion of heal wounds
 q - a potion of ambrosia
 t - a potion of haste
 z - a potion of poison {unknown}
 B - 2 potions of cancellation
 C - a potion of lignification {unknown}
 D - 3 potions of agility
Comestibles
 d - 11 bread rations
 h - 6 meat rations


   Skills:
 * Level 7.9 Fighting
   Level 2.0 Short Blades
 * Level 7.1 Maces & Flails
 * Level 10.6 Dodging
 * Level 9.1 Shields


You had 10 spell levels left.
You didn't know any spells.

Dungeon Overview and Level Annotations

Branches:
Dungeon (11/15)            Temple (1/1) D:4            Lair (1/8) D:8
    Orc: D:9-12

Altars:
Ashenzari
Cheibriados
Dithmenos
Elyvilon
Fedhas
Gozag
Kikubaaqudgha
Makhleb
Nemelex Xobeh
Okawaru
Qazlal
Ru
Sif Muna
Trog
Vehumet
Xom
Yredelemnul
Zin
The Shining One

Annotations:
D:8 exclusions: ice statue and orange crystal statue


Innate Abilities, Weirdness & Mutations

You cannot wear most types of armour.
You are amphibious.
You can wear up to eight rings at the same time.
You can use your tentacles to constrict eight enemies at once.
Your skin changes colour to match your surroundings (Stealth).
Your rubbery body absorbs attacks (AC +1).


Message History

You block the river rat's attack. x3
The komodo dragon misses you.
You hit the komodo dragon.
The komodo dragon is moderately wounded.
The river rat closely misses you. You block the river rat's attack.
The river rat bites you!
The river rat is distracted by the nearby gold.
The komodo dragon bites you! You block the river rat's attack.
You thump the komodo dragon! Your squeeze misses the komodo dragon.
The komodo dragon is severely wounded.
You block the river rat's attack. x2
The komodo dragon bites you!!
* * * LOW HITPOINT WARNING * * *
The river rat completely misses you. The river rat barely misses you.
The river rat barely misses you.
You hit the komodo dragon.
The komodo dragon is severely wounded.
The komodo dragon bites you!!
You die...
Your body crumbles into a pile of gold.

..#.## .....## ..## ##
......## ...##:#
.......# ##.......
.......## #####........
........# #.#.........#
.......## ##..........#
.......####....rlr...##
......###......$@r....#
......# #........r(.#.#
......####.........#.#
##..####..##......## #
##..#.#..####.....#
.#.#.#..## ##..###
........# ####
.##.#..## ..####.#


You could see a komodo dragon and 4 river rats.

Vanquished Creatures
  An ugly thing (D:11)
  A komodo dragon (Lair:1)
  A troll (D:9)
  A wyvern (D:10)
  2 hungry ghosts
  2 yaks (D:11)
  3 hippogriffs
  A mottled dragon (D:11)
  4 wolves (Lair:1)
  A water moccasin (Lair:1)
  A porcupine (Lair:1)
  An ice beast (D:7)
  A phantom (D:7)
  A black bear (D:8)
  3 sky beasts
  2 centaurs (D:8)
  3 crocodiles
  6 ogres
  6 giant frogs
  A big kobold (D:5)
  3 scorpions
  6 crimson imps
  8 killer bees (D:8)
  3 wights (D:9)
  2 giant frog skeletons
  4 jellies
  A quasit (D:8)
  2 centaur zombies
  3 centaur skeletons
  A giant frog zombie (D:6)
  Ijyb (D:2)
  6 hounds
  5 iguanas
  4 orc priests
  10 worker ants
  Natasha (thrice) (D:2)
  4 orc wizards
  A big kobold zombie (Ossuary)
  2 hound skeletons (D:7)
  4 mummies (Ossuary)
  Robin (D:4)
  3 river rats (Lair:1)
  15 adders
  2 shadow imps (D:8)
  A white imp (D:2)
  2 adder zombies
  An adder skeleton (D:6)
  7 giant geckos
  19 orcs
  A ball python (D:3)
  16 bats
  9 giant cockroaches
  A gnoll zombie (Ossuary)
  15 goblins
  22 hobgoblins
  14 jackals
  3 quokkas
  A ball python skeleton (D:4)
  3 giant newts
  3 goblin zombies (Ossuary)
  A jackal zombie (D:5)
  25 kobolds
  A kobold zombie (Ossuary)
  An orc zombie (Ossuary)
  A quokka skeleton (D:6)
  A quokka zombie (D:7)
  15 rats
299 creatures vanquished.

Vanquished Creatures (others)
  A sky beast (D:11)
  A giant frog (D:7)
  A scorpion (D:7)
  2 orc wizards
  2 goblins (D:4)
  2 hobgoblins
  A jackal (D:7)
  A kobold (D:4)
  A rat (D:4)
12 creatures vanquished.

Grand Total: 311 creatures vanquished

Notes
Turn   | Place    | Note
--------------------------------------------------------------
     0 | D:1      | Chiseanne the Octopode Fighter began the quest for the Orb.
     0 | D:1      | Reached XP level 1. HP: 16/16 MP: 1/1
    58 | D:1      | Reached XP level 2. HP: 10/21 MP: 2/2
   703 | D:1      | Reached XP level 3. HP: 26/26 MP: 3/3
   834 | D:2      | Noticed Ijyb
   841 | D:2      | Killed Ijyb
   913 | D:2      | Reached XP level 4. HP: 32/32 MP: 4/4
   928 | D:2      | Noticed Natasha
   930 | D:2      | Killed Natasha
   930 | D:2      | Reached skill level 4 in Dodging
  1069 | D:2      | Noticed Natasha
  1076 | D:2      | Killed Natasha
  1269 | D:2      | Noticed Natasha
  1344 | D:2      | Killed Natasha
  1570 | D:2      | Reached XP level 5. HP: 37/37 MP: 5/5
  2425 | D:3      | Reached skill level 5 in Dodging
  2801 | D:4      | Reached XP level 6. HP: 29/43 MP: 6/6
  3640 | D:4      | Reached XP level 7. HP: 49/49 MP: 7/7
  3748 | D:4      | Reached skill level 6 in Dodging
  3829 | D:4      | Found a staircase to the Ecumenical Temple.
  3880 | Temple   | Entered the Ecumenical Temple
  3884 | Temple   | Became a worshipper of Gozag Ym Sagoz the Greedy
  3996 | D:4      | Reached skill level 5 in Shields
  4312 | D:4      | Noticed Robin
  4315 | D:4      | Killed Robin
  4902 | D:5      | Entered Level 5 of the Dungeon
  4929 | D:5      | Found a sand-covered staircase.
  4939 | Ossuary  | Entered an ossuary
  5429 | D:5      | Reached XP level 8. HP: 36/54 MP: 8/8
  5445 | D:5      | Reached skill level 5 in Fighting
  5445 | D:5      | Reached skill level 1 in Maces & Flails
  5623 | D:5      | Reached skill level 7 in Dodging
  5836 | D:5      | Found a shattered altar of Ashenzari.
  6735 | D:6      | Found a bloodstained altar of Trog.
  6859 | D:7      | Reached XP level 9. HP: 34/62 MP: 9/9
  7052 | D:7      | Reached skill level 8 in Dodging
  7179 | D:7      | Found a shimmering altar of Xom.
  7289 | D:7      | Found a white marble altar of Elyvilon.
  7289 | D:7      | Found an iron altar of Okawaru.
  8092 | D:8      | Found a staircase to the Lair.
  8184 | D:8      | Reached skill level 9 in Dodging
  8468 | D:8      | Noticed an ice statue
  8514 | D:8      | Noticed a red ugly thing
  8532 | D:8      | Noticed an orange crystal statue
  8677 | D:8      | Reached XP level 10. HP: 56/69 MP: 10/10
  8679 | D:8      | Reached skill level 5 in Maces & Flails
  9119 | Lair:1   | Entered Level 1 of the Lair of Beasts
  9139 | D:9      | Found Jegado's Food Emporium.
  9158 | D:9      | Bought a bread ration for 55 gold pieces
  9158 | D:9      | Bought a bread ration for 55 gold pieces
  9158 | D:9      | Bought a meat ration for 55 gold pieces
  9158 | D:9      | Bought a beef jerky for 16 gold pieces
  9158 | D:9      | Bought a meat ration for 55 gold pieces
  9158 | D:9      | Bought a slice of pizza for 16 gold pieces
  9158 | D:9      | Bought a meat ration for 55 gold pieces
  9158 | D:9      | Bought a bread ration for 55 gold pieces
  9158 | D:9      | Bought a fruit for 16 gold pieces
  9158 | D:9      | Bought a bread ration for 55 gold pieces
  9332 | D:9      | You fall through a shaft for 2 floors!
  9332 | D:11     | Noticed a cyclops
  9338 | D:11     | Noticed a purple ugly thing
  9593 | D:11     | Killed a purple ugly thing
  9617 | D:10     | Entered Level 10 of the Dungeon
  9625 | D:10     | Reached skill level 10 in Dodging
 10554 | D:9      | Found a shadowy altar of Dithmenos.
 10593 | D:9      | Found a blossoming altar of Fedhas.
 10926 | Lair:1   | Reached XP level 11. HP: 43/76 MP: 11/11
 11305 | Lair:1   | Slain by a komodo dragon

Vault maps used:
D:1:      dpeg_arrival_chambers_temple_mockup, minivault_19,
          kennysheep_pointless_box
D:2:      first_bread, uniq_natasha, uniq_iyjb
D:4:      lemuel_temple_firewalk_marked, lemuel_flame_loot_1, uniq_robin
D:5:      overflow_temple_1_default, enter_ossuary_2
D:6:      lightli_temple_of_fire, minmay_strange_pillars
D:7:      xom_confusion_cloud, gammafunk_temple_overflow_wave
D:8:      minmay_separated_statues, lair_0_dummy
D:9:      kennysheep_mini_moat, lemuel_round_altar, grunt_ogre_cave
D:10:     orc_0_dummy, basic_altar
D:11:     uniq_erica
Temple:   minmay_freezing_vapour_temple_12
Ossuary:  ossuary_crypta

Action                   |  1- 3 |  4- 6 |  7- 9 | 10-12 || total
-------------------------+-------+-------+-------+-------++-------
Melee: Rapier            |    45 |   144 |    37 |       ||   226
       Flail             |       |       |   254 |   159 ||   413
Throw: Tomahawk          |       |     4 |    11 |    21 ||    36
Invok: Call Merchant     |       |       |     1 |       ||     1
       Potion Petition   |       |       |       |     1 ||     1
Evoke: Wand              |       |       |    10 |    15 ||    25
  Use: Scroll            |     1 |     9 |    15 |     4 ||    29
       Potion            |     1 |     1 |     1 |       ||     3
 Stab: Sleeping          |     2 |     6 |    12 |     4 ||    24
       Distracted        |       |       |     1 |     2 ||     3
  Eat: Chunk             |       |     9 |       |       ||     9
       Fruit             |       |       |    10 |     1 ||    11
       Bread ration      |       |       |     2 |       ||     2
       Beef jerky        |       |       |     2 |     9 ||    11
       Pizza             |       |       |       |     1 ||     1
